 Dungeon Crawl Stone Soup version 0.21-a0-201-g8501b10 (webtiles) character file.

592 yeeeeaahhh the Ruffian (level 7, 0/70 HPs)
             Began as a Troll Fighter on Aug 18, 2017.
             Slain by a sky beast (6 damage)
             ... on level 5 of the Dungeon.
             The game lasted 00:06:32 (5117 turns).

yeeeeaahhh the Ruffian (Troll Fighter)              Turns: 5117, Time: 00:06:34

Health: 0/70       AC:  7    Str: 27    XL:     7   Next: 16%
Magic:  6/6        EV:  8    Int:  4    God:
Gold:   272        SH:  9    Dex:  9    Spells: 6/6 levels left

rFire    . . .     SeeInvis .     - Unarmed
rCold    . . .     Gourm    +   b - +0 shield
rNeg     . . .     Faith    .   a - +0 robe
rPois    .         Spirit   .   u - +2 hat
rElec    .         Reflect  .   (no cloak)
rCorr    .         Harm     .   (gloves unavailable)
MR       .....                  (boots unavailable)
Stlth    +.........             (no amulet)
HPRegen  0.61/turn              (no ring)
MPRegen  0.10/turn              (no ring)

@: no status effects
A: unfitting armour, claws 3, fast metabolism 3, gourmand, regeneration 1,
shaggy fur 1, tough skin 2
a: no special abilities


You were on level 5 of the Dungeon.
You were hungry.

You visited 1 branch of the dungeon, and saw 6 of its levels.

You collected 272 gold pieces.

Inventory:

Armour
 a - a +0 robe (worn)
 b - a +0 shield (worn)
 h - a -1 cloak
 u - a +2 hat (worn)
Scrolls
 g - 2 scrolls of magic mapping
 k - 2 scrolls of remove curse
 n - a scroll of noise {unknown}
 q - 2 scrolls of blinking
 r - a scroll of teleportation {unknown}
 w - a scroll of enchant armour {unknown}
Potions
 c - 5 potions of might
 e - a potion of degeneration
 j - a potion of heal wounds
 l - a potion of haste
 m - a potion of curing
 o - a potion of mutation
 s - a potion of flight {unknown}
 t - a potion of agility {unknown}
 v - a potion of brilliance {unknown}
Comestibles
 d - 5 bread rations
 f - 4 royal jellies
 i - 3 meat rations
 p - 3 fruits


   Skills:
 + Level 4.0 Fighting
 - Level 2.4 Dodging
 + Level 4.0 Shields
 * Level 5.8 Unarmed Combat


You had 6 spell levels left.
You didn't know any spells.

Dungeon Overview and Level Annotations

Branches:
Dungeon (6/15)
 Temple: D:4-7

Altars:
Fedhas
Hepliaklqana
Nemelex Xobeh
Okawaru
Sif Muna
Trog
Yredelemnul
Zin

Annotations:
D:5 Prince Ribbit
D:6 Pikel


Innate Abilities, Weirdness & Mutations

You are too large for most types of armour.
You have claws for hands.
Your metabolism is lightning-fast.
You like to eat raw meat.
Your natural rate of healing is unusually fast.
You are covered in fur. (AC +1)
You have very tough skin. (AC +2)


Message History

Prince Ribbit is heavily wounded.
Prince Ribbit hits you.
* * * LOW HITPOINT WARNING * * *
Unknown command.
Okay, then.
Unknown command.
Unknown command.
Prince Ribbit closely misses you.
Prince Ribbit blinks!
A sky beast comes into view.
Prince Ribbit blinks!
The sky beast hits you but does no damage.
You closely miss the sky beast. The sky beast barely misses you.
Your shield prevents you from hitting the sky beast.
Prince Ribbit hits you!
* * * LOW HITPOINT WARNING * * *
The sky beast hits you.
* * * LOW HITPOINT WARNING * * *
The sky beast shocks you.
You die...

#.##...............
#.##...............
#..#......F........
##.#...............
#.#.#+####..<.....
#.#....# #........
#......# #########
######.# #@F....#
#Y###### #.# #.# .
#.#######..5
#...........
###[....#. #.###.#
#.#


You could see Prince Ribbit and a sky beast.

Vanquished Creatures
  Duvessa (D:5)
  A centaur (D:5)
  Dowan (D:5)
  A crimson imp (D:5)
  An orc priest (D:5)
  A hound (D:5)
  An orc wizard (D:5)
  Crazy Yiuf (D:2)
  A worker ant (D:6)
  Robin (D:2)
  4 adders
  A shadow imp (D:5)
  An adder skeleton (D:4)
  3 worms
  3 dart slugs
  3 leopard geckos
  10 orcs
  8 bats
  8 giant cockroaches
  10 goblins
  14 hobgoblins
  7 jackals
  9 kobolds
  3 ball pythons
  3 frilled lizards (D:2)
  A leopard gecko skeleton (D:4)
  10 rats
108 creatures vanquished.

Notes
Turn   | Place    | Note
-------+----------+-------------------------------------------
     0 | D:1      | yeeeeaahhh the Troll Fighter began the quest for the Orb.
     0 | D:1      | Reached XP level 1. HP: 22/22 MP: 0/0
   393 | D:1      | Reached XP level 2. HP: 29/29 MP: 1/1
  1053 | D:2      | Reached XP level 3. HP: 32/36 MP: 2/2
  1059 | D:2      | Noticed Robin
  1106 | D:2      | Killed Robin
  1106 | D:2      | Reached skill level 3 in Unarmed Combat
  1543 | D:2      | Reached XP level 4. HP: 42/44 MP: 3/3
  1591 | D:2      | Found a runed door.
  1649 | D:2      | Noticed Crazy Yiuf
  1654 | D:2      | Killed Crazy Yiuf
  2585 | D:3      | Found a basalt altar of Yredelemnul.
  2585 | D:3      | Found a sparkling altar of Nemelex Xobeh.
  2599 | D:3      | Reached XP level 5. HP: 53/53 MP: 4/4
  3259 | D:4      | Found a bloodstained altar of Trog.
  3431 | D:4      | Found a blossoming altar of Fedhas.
  3434 | D:4      | Found an iron altar of Okawaru.
  3435 | D:4      | Found a deep blue altar of Sif Muna.
  3440 | D:4      | Reached skill level 4 in Unarmed Combat
  3457 | D:4      | Found a hazy altar of Hepliaklqana.
  3471 | D:4      | Found a glowing silver altar of Zin.
  3518 | D:4      | You fall through a shaft for 2 floors!
  3531 | D:6      | Noticed an orc warrior
  3537 | D:6      | Noticed Pikel
  3537 | D:6      | Noticed a slave
  3538 | D:6      | Noticed a slave
  3540 | D:5      | Entered Level 5 of the Dungeon
  4172 | D:5      | Noticed Prince Ribbit
  4572 | D:5      | Reached XP level 6. HP: 60/61 MP: 5/5
  4582 | D:5      | Noticed Duvessa
  4584 | D:5      | Noticed Dowan
  4599 | D:5      | Killed Duvessa
  4599 | D:5      | Reached skill level 5 in Unarmed Combat
  4610 | D:5      | Killed Dowan
  4774 | D:5      | Reached XP level 7. HP: 67/68 MP: 6/6
  5117 | D:5      | Slain by a sky beast

Vault maps used:
D:1:      dpeg_chamrin_arrival_tetris, minmay_pentomino_u2
D:2:      first_bread, serial_forest, infiniplex_forest_fountain,
          infiniplex_forest_straight_3, infiniplex_forest_clump_tiny,
          infiniplex_forest_clump_tiny, infiniplex_forest_clump_long,
          infiniplex_forest_end_2, uniq_crazy_yiuf_cottage, uniq_robin
D:3:      gammafunk_temple_overflow_elements
D:4:      minmay_overflow_temple_star_hex, trog_butcher_becter
D:5:      uniq_prince_ribbit1, uniq_duvessa
D:6:      lemuel_crystal_altar, serial_column_ruins, column_ruins_grid_1,
          column_ruins_grid_1, column_ruins_corridor_straight, minmay_holes,
          uniq_pikel, uniq_edmund, uniq_sigmund

Skill      XL: |  1  2  3  4  5  6  7 |
---------------+----------------------+-----
Unarmed Combat | 3 4 5 |  5.8
Fighting       | 3 4 |  4.0
Shields        | 3 4 |  4.0
Dodging        | |  2.4

Action                   |  1- 3 |  4- 6 |  7- 9 || total
-------------------------+-------+-------+-------++-------
Melee: Unarmed           |   126 |   188 |    30 ||   344
  Use: Scroll            |     4 |     6 |       ||    10
 Stab: Sleeping          |       |     1 |       ||     1
  Eat: Chunk             |    17 |    20 |     2 ||    39
       Bread ration      |       |     1 |       ||     1
Armor: Robe              |    51 |    47 |     4 ||   102
Dodge: Dodged            |    42 |    56 |     5 ||   103
Block: Shield            |    59 |    75 |    11 ||   145
